 Dungeon Crawl Stone Soup version 0.16.1-18-g436b03c (webtiles) character file.

3508 hemol the Spear-Bearer (level 9, -1/106 HPs)
             Began as a Minotaur Fighter on May 1, 2015.
             Was an Elder of Okawaru.
             Shot with an arrow by a centaur warrior (22 damage)
             ... on level 8 of the Dungeon on May 2, 2015.
             The game lasted 01:08:58 (5682 turns).

hemol the Spear-Bearer (Minotaur Fighter)           Turns: 5682, Time: 01:08:58

Health: -1/106     AC: 15    Str: 26    XL:     9   Next: 81%
Magic:  0/2        EV: 10    Int:  5    God:    Okawaru [****..]
Gold:   531        SH: 12    Dex: 13    Spells: 0 memorised, 8 levels left

rFire  . . .     SeeInvis .     k - +2 trident (antimagic)
rCold  + . .     Clarity  .     n - +0 chain mail
rNeg   + . .     SustAb   +     c - +0 shield
rPois  .         Gourm    .     (helmet restricted)
rElec  .         Spirit   .     (no cloak)
rCorr  .         Warding  +     (no gloves)
rMut   .         Stasis   .     l - +0 pair of boots
MR     .....                    N - amulet of warding
Stlth  ..........               m - ring of protection from cold
                                h - ring of sustain abilities

@: berserking, heroism, very quick, not resistant to hostile enchantments,
extremely unstealthy
A: retaliatory headbutt, horns 2
a: Heroism, Renounce Religion


You were on level 8 of the Dungeon.
You worshipped Okawaru.
Okawaru was greatly pleased with you.
You were not hungry.

You visited 2 branches of the dungeon, and saw 9 of its levels.

You collected 531 gold pieces.

Inventory:

Hand weapons
 k - a +2 antimagic trident (weapon)
 V - a +0 halberd
Armour
 c - a +0 shield (worn)
 j - a +0 robe of cold resistance
 l - a +0 pair of boots (worn)
 n - a +0 chain mail (worn)
 w - a +3 leather armour of poison resistance
 O - a +2 leather armour of cold resistance
 R - a +0 leather armour of positive energy
Magical staves
 C - an uncursed staff of wizardry
Jewellery
 h - a ring of sustain abilities (left hand)
 m - a ring of protection from cold (right hand)
 p - an uncursed ring of ice
 N - an amulet of warding (around neck)
Magical devices
 s - a wand of lightning (5)
 G - a wand of cold (2)
 I - a wand of slowing (0)
Scrolls
 b - 2 scrolls of magic mapping {unknown}
 f - 2 scrolls of immolation {unknown}
 i - 13 scrolls of identify {unknown}
 q - a scroll of enchant weapon {unknown}
 r - 5 scrolls of teleportation {unknown}
 t - 2 scrolls of fear {unknown}
 y - a scroll of fog {unknown}
 D - 3 scrolls of remove curse {unknown}
 P - 2 scrolls of amnesia {unknown}
Potions
 o - 2 potions of invisibility {unknown}
 u - a potion of resistance {unknown}
 v - 2 potions of agility {unknown}
 x - a potion of poison {unknown}
 A - a potion of haste {unknown}
 F - 2 potions of restore abilities {unknown}
 H - 3 potions of brilliance {unknown}
 J - a potion of cure mutation {unknown}
 K - a potion of beneficial mutation {unknown}
 L - 2 potions of berserk rage
 M - a potion of magic {unknown}
 T - a potion of heal wounds {unknown}
 U - a potion of mutation {unknown}
Books
 E - a book of Control

   Spells                             Type                      Level
   a - Control Teleport               Charms/Translocation         4
   b - Control Undead                 Necromancy                   4
   c - Enslavement                    Hexes                        4
   d - Metabolic Englaciation         Hexes/Ice                    5
   e - Mass Confusion                 Hexes                        6
Comestibles
 a - a chunk of flesh
 d - 8 bread rations
 g - 3 meat rations
 z - a beef jerky
 B - a royal jelly


   Skills:
 - Level 3.9(8.9) Fighting
 * Level 12.9(17.9) Polearms
 + Level 10.2(15.2) Armour
 - Level 0.2(5.2) Dodging
 - Level 4.2(9.2) Shields
 + Level 2.1 Invocations


You had 8 spell levels left.
You didn't know any spells.

Dungeon Overview and Level Annotations

Branches:
Dungeon (8/15)             Temple (1/1) D:4            Lair (0/8) D:8

Altars:
Ashenzari
Cheibriados
Dithmenos
Fedhas
Gozag
Kikubaaqudgha
Makhleb
Nemelex Xobeh
Okawaru
Qazlal
Ru
Sif Muna
Trog
Vehumet
Xom
Yredelemnul
Zin

Shops:
D:5 }


Innate Abilities, Weirdness & Mutations

You reflexively headbutt those who attack you in melee.
You have a pair of horns on your head.


Message History

You feel yourself moving faster!
You feel mighty!
The centaur warrior shoots an arrow.
You block the arrow. The polar bear misses you. You furiously retaliate!
You headbutt the polar bear. The polar bear closely misses you.
The polar bear claws you but does no damage.
You barely miss the polar bear.
The polar bear is lightly wounded.
The polar bear bites you.
* * * LOW HITPOINT WARNING * * *
The polar bear barely misses you. You block the polar bear's attack.
The centaur warrior shoots an arrow.
You block the arrow.
You hit the polar bear but do no damage.
You headbutt the polar bear!
The polar bear is heavily wounded.
You hit the polar bear but do no damage.
The polar bear is heavily wounded.
You puncture the polar bear! You headbutt the polar bear!
The polar bear is almost dead.
The centaur warrior shoots an arrow.
The arrow hits you!!
You die...

.....#.........###########
#.
..........................#
#. .#รท......#########..#
### #.......##..###....#
#.. ##.....##....#.....#
#.. ###.###.....#.....# #..
##........#........# #..
#.........#..#.....# #..
#...###h@##..#.....####..
##.. ##?# ##.........#
##....(c)....###.......#
##...#%##....##.......#
#..##.. #...#.......# #..
... . ..#.......+ ...
...... #.......# # ..###.##
#.......#
..##.....##.......+


You could see a centaur warrior and a polar bear shaped shifter.

Vanquished Creatures
  Pikel (D:5)
  Joseph (D:7)
  A fire drake (D:8)
  A spriggan (D:7)
  A hungry ghost (D:8)
  A water moccasin (D:5)
  A sky beast (D:6)
  2 slaves (D:5)
  2 phantoms
  A black bear (D:8)
  The ghost of EmilioHeskey the Insei, an average DsMo (D:4)
  2 centaurs (D:7)
  A big kobold (D:6)
  A gnoll sergeant (D:7)
  2 giant frogs (D:7)
  A scorpion (D:7)
  A crimson imp (D:7)
  3 goliath beetles
  4 orc priests
  A jelly (D:7)
  A giant frog skeleton (D:5)
  3 hounds
  9 orc wizards
  2 iguanas
  4 worker ants
  A killer bee zombie (D:7)
  2 hound zombies (D:5)
  2 hound skeletons
  13 adders
  4 gnolls
  A giant mite (D:4)
  A shadow imp (D:7)
  5 worms
  4 giant geckos
  An ooze (D:1)
  17 orcs
  A ball python (D:3)
  4 giant cockroaches
  11 goblins
  8 hobgoblins
  4 quokkas
  15 bats
  A giant gecko skeleton (D:4)
  6 giant newts
  4 jackals (D:5)
  8 kobolds
  15 rats
176 creatures vanquished.

Vanquished Creatures (others)
  An orc wizard (D:6)
  3 orcs (D:6)
4 creatures vanquished.

Grand Total: 180 creatures vanquished

Notes
Turn   | Place    | Note
--------------------------------------------------------------
     0 | D:1      | hemol, the Minotaur Fighter, began the quest for the Orb.
     0 | D:1      | Reached XP level 1. HP: 19/19 MP: 1/1
    78 | D:1      | Reached skill level 4 in Armour
    78 | D:1      | Reached XP level 2. HP: 27/27 MP: 1/1
   285 | D:1      | You fall through a shaft!
   428 | D:2      | Reached XP level 3. HP: 33/33 MP: 2/2
  1227 | D:3      | Reached XP level 4. HP: 38/40 MP: 2/2
  1714 | D:4      | Noticed EmilioHeskey's ghost (average DsMo)
  1729 | D:4      | Killed EmilioHeskey's ghost
  1729 | D:4      | Reached skill level 5 in Polearms
  1729 | D:4      | Reached skill level 5 in Armour
  1729 | D:4      | Reached XP level 5. HP: 32/46 MP: 2/2
  1950 | D:4      | Reached XP level 6. HP: 29/52 MP: 3/3
  1962 | D:4      | Reached skill level 6 in Polearms
  2305 | D:4      | Found a staircase to the Ecumenical Temple.
  2322 | Temple   | Entered the Ecumenical Temple
  2383 | Temple   | Became a worshipper of Warmaster Okawaru
  2542 | D:5      | Entered Level 5 of the Dungeon
  2554 | D:5      | Found a blossoming altar of Fedhas.
  2556 | D:5      | Found a glowing silver altar of Zin.
  2742 | D:5      | Reached skill level 7 in Polearms
  2768 | D:5      | Reached XP level 7. HP: 12/58 MP: 3/3
  2952 | D:5      | Found a shadowy altar of Dithmenos.
  2989 | D:5      | Noticed Pikel
  3050 | D:5      | Killed Pikel
  3050 | D:5      | Acquired Okawaru's first power
  3050 | D:5      | Reached skill level 9 in Polearms
  3050 | D:5      | Reached XP level 8. HP: 38/66 MP: 3/3
  3081 | D:5      | Found Katrus' Gadget Emporium.
  3232 | D:5      | Noticed a water moccasin
  3244 | D:5      | Killed a water moccasin
  3286 | D:5      | Found a shattered altar of Ashenzari.
  3289 | D:5      | Found a radiant altar of Vehumet.
  3499 | D:6      | Reached skill level 10 in Polearms
  4130 | D:7      | Found a staircase to the Ecumenical Temple.
  4385 | D:7      | Reached skill level 11 in Polearms
  4525 | D:7      | Reached XP level 9. HP: 45/71 MP: 2/4
  4895 | D:7      | Noticed Joseph
  4916 | D:7      | Killed Joseph
  4916 | D:7      | Reached skill level 12 in Polearms
  5491 | D:8      | Noticed a fire drake
  5504 | D:8      | Killed a fire drake
  5504 | D:8      | Reached skill level 10 in Armour
  5504 | D:8      | Reached skill level 1 in Invocations
  5510 | D:8      | Found a staircase to the Lair.
  5661 | D:8      | Noticed a draconian
  5662 | D:8      | Noticed a centaur warrior
  5672 | D:8      | a draconian changed into a polar bear
  5682 | D:8      | Shot with an arrow by a centaur warrior

Action                   |  1- 3 |  4- 6 |  7- 9 || total
-------------------------+-------+-------+-------++-------
Melee: Trident           |   107 |   209 |   458 ||   774
Invok: Heroism           |       |       |     4 ||     4
Evoke: Wand              |       |       |     1 ||     1
  Use: Potion            |       |       |     5 ||     5
 Stab: Fleeing           |       |       |     1 ||     1
  Eat: Chunk             |     1 |     5 |    11 ||    17
